BLB
CALIFORNIA KODIAKS @ PHOENIX ROADRUNNERS
06/02/2059
 
TOP OF THE 1ST
California Kodiaks batting - Pitching for Phoenix Roadrunners : LHP Jeremy Thrasher
Pitching: LHP Jeremy Thrasher
Batting: RHB Damon Squyres 0-0: Called Strike
0-1: SINGLE (Line Drive, 6D, EV 95.0 MPH)
Batting: RHB Mitt Saginashvili 0-0: Grounds into double play, 4-6-3 (Groundball, 34S, EV 86.2 MPH)
Batting: RHB Stan Sikes 0-0: Ball
1-0: Reached on error, E5 (Groundball, 56, EV 106.9 MPH)
Batting: RHB Kelvin Young 0-0: Swinging Strike
0-1: Fly out, F9 (Flyball, 9, EV 95.0 MPH)
Top of the 1st over - 0 runs, 1 hit, 1 error, 1 left on base; California 0 - Phoenix 0
BOTTOM OF THE 1ST
Phoenix Roadrunners batting - Pitching for California Kodiaks : LHP Owen Ward
Pitching: LHP Owen Ward
Batting: RHB Rick Anderson 0-0: Ball
1-0: Ground out 6-3 (Groundball, 4M, EV 82.5 MPH)
Batting: RHB Dalton Banks 0-0: Ball
1-0: Called Strike
1-1: Ball
2-1: Swinging Strike
2-2: Ball
3-2: Base on Balls
Batting: RHB Reginald Botoman 0-0: Called Strike
0-1: Called Strike
0-2: Ball
1-2: Ball
2-2: Ball
3-2: Foul Ball, location: 2F
3-2: Foul Ball, location: 2F
3-2: Strikes out looking
Dalton Banks is caught stealing 2nd base 2-4
Batter strikes out.
Bottom of the 1st over - 0 runs, 0 hits, 0 errors, 0 left on base; California 0 - Phoenix 0
TOP OF THE 2ND
California Kodiaks batting - Pitching for Phoenix Roadrunners : LHP Jeremy Thrasher
Batting: RHB Frank Memmi 0-0: Called Strike
0-1: Called Strike
0-2: Strikes out swinging
Batting: RHB Hayden Cornett 0-0: Foul Ball, location: 2F
0-1: Ball
1-1: Called Strike
1-2: Foul Ball, location: 2F
1-2: Ball
2-2: Foul Ball, location: 2F
2-2: DOUBLE (Flyball, 8RXD, EV 108.8 MPH)
Batting: RHB Spencer Stephens 0-0: Foul Ball, location: 2F
0-1: Ball
1-1: Fly out, F7 (Line Drive, 7, EV 88.1 MPH)
Batting: LHB Sean Catron 0-0: Foul Ball, location: 2F
0-1: SINGLE (Line Drive, 7S, EV 93.8 MPH)
Hayden Cornett to third
Runner from 3rd tries for Home, SAFE, throw by LF to home
Batting: RHB Caron Wilson 0-0: Ball
1-0: Ball
2-0: Foul Ball, location: 2F
2-1: Swinging Strike
2-2: Strikes out swinging
Top of the 2nd over - 1 run, 2 hits, 0 errors, 1 left on base; California 1 - Phoenix 0
BOTTOM OF THE 2ND
Phoenix Roadrunners batting - Pitching for California Kodiaks : LHP Owen Ward
Batting: RHB Cody Barkley 0-0: Called Strike
0-1: Ball
1-1: Fly out, F9 (Flyball, 9D, EV 90.0 MPH)
Batting: LHB Rayshaun Stuart 0-0: Ball
1-0: Called Strike
1-1: Ball
2-1: SINGLE (Flyball, 5D, EV 94.4 MPH)
Batting: LHB Neil Wanat 0-0: Ball
1-0: Foul Ball, location: 2F
1-1: Foul Ball, location: 2F
1-2: Ball
Rayshaun Stuart steals 2nd base
2-2: Strikes out swinging
Batting: RHB Tommy Simpson 0-0: Called Strike
0-1: Ball
1-1: Called Strike
1-2: Strikes out looking
Bottom of the 2nd over - 0 runs, 1 hit, 0 errors, 1 left on base; California 1 - Phoenix 0
TOP OF THE 3RD
California Kodiaks batting - Pitching for Phoenix Roadrunners : LHP Jeremy Thrasher
Batting: RHB Damon Squyres 0-0: Called Strike
0-1: Foul Ball, location: 2F
0-2: Foul Ball, location: 2F
0-2: Strikes out swinging
Batting: RHB Mitt Saginashvili 0-0: Ball
1-0: Fly out, F8 (Line Drive, 8RM, EV 90.0 MPH)
Batting: RHB Stan Sikes 0-0: Ball
1-0: Ball
2-0: Ground out 6-3 (Groundball, 6M, EV 104.4 MPH)
Top of the 3rd over - 0 runs, 0 hits, 0 errors, 0 left on base; California 1 - Phoenix 0
BOTTOM OF THE 3RD
Phoenix Roadrunners batting - Pitching for California Kodiaks : LHP Owen Ward
Batting: RHB Boone Gellings 0-0: Ball
1-0: Foul Ball, location: 2F
1-1: Fly out, F6 (Flyball, 6MD, EV 86.9 MPH)
Batting: RHB Scott McDonald 0-0: Ball
1-0: Foul Ball, location: 2F
1-1: Swinging Strike
1-2: Foul Ball, location: 2F
1-2: Strikes out looking
Batting: RHB Rick Anderson 0-0: Ball
1-0: Ball
2-0: Ball
3-0: Base on Balls
Batting: RHB Dalton Banks 0-0: SINGLE (Flyball, 8RS, EV 95.0 MPH)
Rick Anderson to second
Runner from 2nd tries for 3rd, OUT! 8-5
Bottom of the 3rd over - 0 runs, 1 hit, 0 errors, 1 left on base; California 1 - Phoenix 0
TOP OF THE 4TH
California Kodiaks batting - Pitching for Phoenix Roadrunners : LHP Jeremy Thrasher
Batting: RHB Kelvin Young 0-0: Ground out 6-3 (Groundball, 6, EV 88.1 MPH)
Batting: RHB Frank Memmi 0-0: Fly out, F4 (Popup, 34S, EV 77.5 MPH)
Batting: RHB Hayden Cornett 0-0: Foul Ball, location: 2F
0-1: Foul Ball, location: 2F
0-2: Ball
1-2: Ball
2-2: Strikes out swinging
Top of the 4th over - 0 runs, 0 hits, 0 errors, 0 left on base; California 1 - Phoenix 0
BOTTOM OF THE 4TH
Phoenix Roadrunners batting - Pitching for California Kodiaks : LHP Owen Ward
Batting: RHB Reginald Botoman 0-0: Foul Ball, location: 2F
0-1: Ball
1-1: Fly out, F3 (Popup, 3SF, EV 74.4 MPH)
Batting: RHB Cody Barkley 0-0: Called Strike
0-1: Ball
1-1: Ball
2-1: DOUBLE (Line Drive, 78D, EV 105.0 MPH)
Batting: LHB Rayshaun Stuart 0-0: Swinging Strike
0-1: SINGLE (Flyball, 8LS, EV 87.5 MPH)
Cody Barkley to third
Runner from 3rd tries for Home, SAFE, throw by CF to home
Batting: LHB Neil Wanat 0-0: Ball
1-0: Swinging Strike
1-1: Called Strike
1-2: Grounds into double play, 6-4-3 (Groundball, 6, EV 83.1 MPH)
Bottom of the 4th over - 1 run, 2 hits, 0 errors, 0 left on base; California 1 - Phoenix 1
TOP OF THE 5TH
California Kodiaks batting - Pitching for Phoenix Roadrunners : LHP Jeremy Thrasher
Batting: RHB Spencer Stephens 0-0: Called Strike
0-1: Swinging Strike
0-2: Strikes out looking
Batting: LHB Sean Catron 0-0: Foul Ball, location: 2F
0-1: Foul Ball, location: 2F
0-2: Ground out 3-1 (Groundball, 34S, EV 81.2 MPH)
Batting: RHB Caron Wilson 0-0: Called Strike
0-1: Ball
1-1: Ball
2-1: Swinging Strike
2-2: Strikes out looking
Top of the 5th over - 0 runs, 0 hits, 0 errors, 0 left on base; California 1 - Phoenix 1
BOTTOM OF THE 5TH
Phoenix Roadrunners batting - Pitching for California Kodiaks : LHP Owen Ward
Batting: RHB Tommy Simpson 0-0: Called Strike
0-1: Ball
1-1: Ball
2-1: Ball
3-1: Base on Balls
Batting: RHB Boone Gellings 0-0: Fly out, F8 (Flyball, 89D, EV 95.0 MPH)
Batting: RHB Scott McDonald 0-0: Called Strike
0-1: Ball
1-1: Called Strike
1-2: Ground out 6-3 (Groundball, 6S, EV 76.9 MPH)
Tommy Simpson to second
Batting: RHB Rick Anderson 0-0: Ball
1-0: Swinging Strike
1-1: Ball
2-1: Ball
3-1: Foul Ball, location: 2F
3-2: Ground out 5-3 (Groundball, 56, EV 78.1 MPH)
Bottom of the 5th over - 0 runs, 0 hits, 0 errors, 1 left on base; California 1 - Phoenix 1
TOP OF THE 6TH
California Kodiaks batting - Pitching for Phoenix Roadrunners : LHP Jeremy Thrasher
Batting: RHB Damon Squyres 0-0: Ball
1-0: Foul Ball, location: 2F
1-1: Swinging Strike
1-2: Strikes out swinging
Batting: RHB Mitt Saginashvili 0-0: Ball
1-0: SINGLE (Groundball, 56D, EV 95.6 MPH)
Batting: RHB Stan Sikes 0-0: Foul Ball, location: 2F
0-1: Swinging Strike
0-2: Ball
1-2: Strikes out looking
Batting: RHB Kelvin Young 0-0: Called Strike
0-1: Fielders Choice at 2nd, 5-4 (Groundball, 5, EV 80.0 MPH)
Top of the 6th over - 0 runs, 1 hit, 0 errors, 1 left on base; California 1 - Phoenix 1
BOTTOM OF THE 6TH
Phoenix Roadrunners batting - Pitching for California Kodiaks : LHP Owen Ward
Batting: RHB Dalton Banks 0-0: Ball
1-0: Fly out, F7 (Flyball, 7, EV 93.8 MPH)
Batting: RHB Reginald Botoman 0-0: Ball
1-0: Called Strike
1-1: Foul Ball, location: 2F
1-2: Strikes out swinging
Batting: RHB Cody Barkley 0-0: Ball
1-0: Called Strike
1-1: Ball
2-1: Foul Ball, location: 2F
2-2: Foul Ball, location: 2F
2-2: Fly out, F8 (Line Drive, 8RD, EV 91.2 MPH)
Bottom of the 6th over - 0 runs, 0 hits, 0 errors, 0 left on base; California 1 - Phoenix 1
TOP OF THE 7TH
California Kodiaks batting - Pitching for Phoenix Roadrunners : LHP Jeremy Thrasher
Batting: RHB Frank Memmi 0-0: Ball
1-0: Swinging Strike
1-1: Foul Ball, location: 2F
1-2: Strikes out swinging
Batting: RHB Hayden Cornett 0-0: Called Strike
0-1: Swinging Strike
0-2: Ball
1-2: Foul Ball, location: 2F
1-2: Ball
2-2: Strikes out looking
Batting: RHB Spencer Stephens 0-0: Called Strike
0-1: Swinging Strike
0-2: Strikes out looking
Top of the 7th over - 0 runs, 0 hits, 0 errors, 0 left on base; California 1 - Phoenix 1
BOTTOM OF THE 7TH
Phoenix Roadrunners batting - Pitching for California Kodiaks : LHP Owen Ward
Batting: LHB Rayshaun Stuart 0-0: Ball
1-0: Swinging Strike
1-1: Ball
2-1: Ball
3-1: Foul Ball, location: 2F
3-2: Fly out, F8 (Line Drive, 8LM, EV 90.0 MPH)
Batting: LHB Neil Wanat 0-0: Ball
1-0: SOLO HOME RUN (Flyball, 7D, EV 93.1 MPH), Distance : 353 ft
Pitching: LHP Payton Cooke
Batting: RHB Tommy Simpson 0-0: Called Strike
0-1: Ball
1-1: Ball
2-1: Swinging Strike
2-2: Ball
3-2: Fly out, F3 (Popup, 3F, EV 61.2 MPH)
Batting: RHB Boone Gellings 0-0: Ball
1-0: Fly out, F8 (Flyball, 8RD, EV 103.8 MPH)
Bottom of the 7th over - 1 run, 1 hit, 0 errors, 0 left on base; California 1 - Phoenix 2
TOP OF THE 8TH
California Kodiaks batting - Pitching for Phoenix Roadrunners : LHP Jeremy Thrasher
Now at 1B: Dwight Bell
Batting: LHB Sean Catron 0-0: Swinging Strike
0-1: Ground out U3 (Groundball, 34, EV 78.1 MPH)
Batting: RHB Caron Wilson 0-0: Called Strike
0-1: Ball
1-1: Swinging Strike
1-2: Strikes out swinging
Batting: RHB Damon Squyres 0-0: Ball
1-0: Called Strike
1-1: Ground out 4-3 (Groundball, 34, EV 108.8 MPH)
Top of the 8th over - 0 runs, 0 hits, 0 errors, 0 left on base; California 1 - Phoenix 2
BOTTOM OF THE 8TH
Phoenix Roadrunners batting - Pitching for California Kodiaks : LHP Payton Cooke
Batting: RHB Scott McDonald 0-0: Foul Ball, location: 2F
0-1: Ball
1-1: Foul Ball, location: 2F
1-2: Strikes out swinging
Batting: RHB Rick Anderson 0-0: Called Strike
0-1: Ball
1-1: Ball
2-1: Foul Ball, location: 2F
2-2: Ball
3-2: Strikes out looking
Batting: RHB Dalton Banks 0-0: Ball
1-0: Foul Ball, location: 2F
1-1: Swinging Strike
1-2: Foul Ball, location: 2F
1-2: Fly out, F7 (Flyball, 7, EV 90.0 MPH)
Bottom of the 8th over - 0 runs, 0 hits, 0 errors, 0 left on base; California 1 - Phoenix 2
TOP OF THE 9TH
California Kodiaks batting - Pitching for Phoenix Roadrunners : LHP Jeremy Thrasher
Now at SS: Harrison Jordan
Batting: RHB Mitt Saginashvili 0-0: Called Strike
0-1: Fly out, F9 (Flyball, 89M, EV 85.0 MPH)
Batting: RHB Stan Sikes 0-0: SINGLE (Groundball, 4MD, EV 99.4 MPH)
Batting: RHB Kelvin Young 0-0: Ball
1-0: Ball
2-0: Swinging Strike
2-1: Foul Ball, location: 2F
2-2: Ball
3-2: Foul Ball, location: 2F
3-2: Foul Ball, location: 2F
3-2: Base on Balls
Stan Sikes to second
Batting: RHB Frank Memmi 0-0: Ball
1-0: Ball
2-0: SINGLE (Groundball, 6S, EV 70.0 MPH) (infield hit)
Stan Sikes to third
Kelvin Young to second
Pitching: RHP Cade de Jong
Pinch Hitting: LHB Stephen Caskey 0-0: Fly out, F6 (Popup, 6M, EV 70.0 MPH)
Batting: RHB Spencer Stephens 0-0: Ball
1-0: Ball
2-0: Called Strike
2-1: Called Strike
2-2: Strikes out looking
Top of the 9th over - 0 runs, 2 hits, 0 errors, 3 left on base; California 1 - Phoenix 2
Sunday, March 3rd , 2024 - OOTP Baseball 23.10 Build 110